 Dungeon Crawl Stone Soup version 0.21.1-1-g345015f (webtiles) character file.

408 prawnwizard the Skirmisher (level 7, -1/56 HPs)
             Began as a Formicid Abyssal Knight on July 10, 2018.
             Was a Believer of Lugonu.
             Slain by an unseen horror (8 damage)
             ... on level 14 of the Dungeon.
             The game lasted 00:10:49 (4542 turns).

prawnwizard the Skirmisher (FoAK)                   Turns: 4542, Time: 00:10:50

Health: -1/56      AC:  8    Str: 18    XL:     7   Next: 13%
Magic:  10/10      EV: 10    Int: 12    God:    Lugonu [**....]
Gold:   337        SH:  0    Dex: 10    Spells: 6/6 levels left

rFire    . . .     SeeInvis +   a - +1 mace
rCold    + . .     Gourm    .   (no shield)
rNeg     . . .     Faith    .   v - +2 ring mail {rC+}
rPois    .         Spirit   .   (helmet unavailable)
rElec    .         Reflect  .   (no cloak)
rCorr    .         Harm     .   d - +0 pair of gloves
MR       .....                  (no boots)
Stlth    ..........             (no amulet)
HPRegen  0.18/turn              (no ring)
MPRegen  0.12/turn              (no ring)

@: drained
A: permanent stasis, dig shafts and tunnels, four strong arms, antennae 3
a: Dig, Shaft Self, Depart the Abyss, Bend Space, Renounce Religion


You were on level 14 of the Dungeon.
You worshipped Lugonu.
Lugonu was pleased with you.
You were not hungry.

You visited 1 branch of the dungeon, and saw 8 of its levels.
You visited the Abyss 1 time.

You collected 337 gold pieces.

Inventory:

Hand Weapons
 a - a +1 mace (weapon)
Armour
 b - a +0 large shield
 d - a +0 pair of gloves (worn)
 s - a +1 pair of boots
 t - a +0 plate armour
 v - a +2 ring mail of cold resistance (worn)
Jewellery
 x - an uncursed ring of resist corrosion {unknown}
Scrolls
 e - 2 scrolls of amnesia {unknown}
 h - 4 scrolls of identify {unknown}
 j - a scroll of enchant armour {unknown}
 k - 2 scrolls of fog {unknown}
 l - a scroll of noise {unknown}
 m - a scroll of fear {unknown}
 n - 3 scrolls of teleportation {unknown}
 p - a scroll of remove curse {unknown}
 r - a scroll of magic mapping {unknown}
 u - a scroll of enchant weapon {unknown}
Potions
 f - 2 potions of agility {unknown}
 g - 3 potions of heal wounds {unknown}
 i - a potion of degeneration {unknown}
 o - 2 potions of mutation {unknown}
 q - 2 potions of curing {unknown}
 w - a potion of cancellation {unknown}
Comestibles
 c - 6 rations


   Skills:
 + Level 5.1(4.8) Fighting
 * Level 4.0(3.8) Maces & Flails
 - Level 2.5(2.3) Armour
 - Level 1.3(1.0) Dodging
 - Level 2.1(1.8) Shields
 + Level 4.7(4.5) Invocations


You had 6 spell levels left.
You didn't know any spells.

Dungeon Overview and Level Annotations

Branches:
Dungeon (12/15)               Orc (0/2) D:12
 Temple: D:4-7         Lair: D:8-11

Altars:
Ashenzari
Elyvilon
Makhleb
Nemelex Xobeh
Vehumet

Annotations:
D:10 Wapistan's ghost, journeyman GrGl


Innate Abilities, Weirdness & Mutations

You cannot be hasted, slowed, berserked, paralysed or teleported.
You can dig through walls and to a lower floor.
Your four strong arms can wield two-handed weapons with a shield.
You have a pair of large antennae on your head. (SInv)


Message History

* * * LOW HITPOINT WARNING * * *
You begin to dig a shaft.
You continue digging a shaft.
The bullfrog zombie barely misses you.
The wight hits you with an enchanted short sword.
* * * LOW HITPOINT WARNING * * *
You feel drained.
* * * LOW HITPOINT WARNING * * *
The purple ugly thing closely misses you.
The orc wizard hits you but does no damage.
The bullfrog zombie hits you but does no damage.
A shaft appears beneath you!
You fall through a shaft for 2 floors!
The shaft crumbles and collapses.
A gargoyle and an ice beast come into view.
Found 29 gold pieces.
You open the door.
An unseen horror comes into view.
The unseen horror hits you but does no damage.
You closely miss the unseen horror. The unseen horror hits you!
You die...

#.$........
#.......#
#.....9.#
#.......#
#...Y...#
######.##
##..9.#
#.Y####
#@## #x#
... .....
#......
#.......
#........
#........#


You could see an unseen horror (invisible), a gargoyle and an ice beast.

Vanquished Creatures
  Blork the orc (D:4)
  A bullfrog (D:7)
  A howler monkey (D:4)
  2 crimson imps
  3 worker ants
  3 adders
  A shadow imp (D:7)
  An ooze (D:4)
  A dart slug (D:1)
  4 leopard geckos
  3 orcs
  10 bats
  2 giant cockroaches
  4 goblins (D:1)
  11 hobgoblins
  3 jackals (D:2)
  2 kobolds
  3 quokkas (D:3)
  6 frilled lizards
  A leopard gecko skeleton (D:4)
  6 rats
69 creatures vanquished.

Vanquished Creatures (others)
  A bush (D:2)
1 creature vanquished.

Grand Total: 70 creatures vanquished

Notes
Turn   | Place    | Note
-------+----------+-------------------------------------------
     0 | Abyss:1  | prawnwizard the Formicid Abyssal Knight began the quest for the Orb.
     0 | Abyss:1  | Reached XP level 1. HP: 18/18 MP: 2/2
    45 | Abyss:1  | Found a corrupted altar of Lugonu.
   112 | Abyss:2  | Noticed a hellwing
   125 | Abyss:3  | Found a corrupted altar of Lugonu.
   125 | Abyss:3  | Noticed a thrashing horror
   125 | Abyss:3  | Noticed a mad acolyte of Lugonu
   125 | Abyss:3  | Noticed a blink frog
   125 | Abyss:3  | Noticed a blink frog
   150 | Abyss:3  | Noticed a hell hound
   159 | Abyss:3  | Noticed a slime creature
   159 | Abyss:3  | Noticed a glowing shapeshifter
   159 | Abyss:3  | a slime creature changed into a glowing shapeshifter
   198 | Abyss:3  | Noticed a small abomination
   201 | Abyss:3  | Noticed a smoke demon
   211 | Abyss:3  | Noticed a spatial maelstrom
   212 | Abyss:3  | Noticed a fire dragon skeleton
   212 | Abyss:3  | Noticed a spatial vortex
   212 | Abyss:3  | Noticed a spatial vortex
   212 | D:1      | Escaped the Abyss
   425 | D:1      | Reached skill level 1 in Dodging
   441 | D:1      | Reached XP level 2. HP: 8/24 MP: 3/3
   758 | D:1      | Reached * piety under Lugonu
   791 | D:1      | Found a sparkling altar of Nemelex Xobeh.
  1017 | D:1      | Reached XP level 3. HP: 25/29 MP: 4/4
  1784 | D:2      | Reached XP level 4. HP: 33/37 MP: 6/6
  1813 | D:2      | Found a shattered altar of Ashenzari.
  2230 | D:2      | Found a burning altar of Makhleb.
  2250 | D:2      | Reached skill level 4 in Fighting
  2295 | D:2      | Reached ** piety under Lugonu
  2555 | D:3      | Reached XP level 5. HP: 36/42 MP: 7/7
  2577 | D:3      | Noticed an ogre
  2599 | D:2      | You fall through a shaft for 2 floors!
  2721 | D:4      | Noticed an ogre
  2762 | D:3      | Found a white marble altar of Elyvilon.
  3272 | D:3      | Reached XP level 6. HP: 49/49 MP: 7/9
  3430 | D:4      | Noticed Blork the orc
  3441 | D:4      | Killed Blork the orc
  3601 | D:4      | Reached skill level 5 in Fighting
  3601 | D:4      | Reached skill level 1 in Shields
  3703 | D:4      | You fall through a shaft for 3 floors!
  3938 | D:7      | Found a radiant altar of Vehumet.
  3945 | D:7      | Reached XP level 7. HP: 45/56 MP: 10/10
  3999 | D:7      | Noticed a hungry ghost
  4047 | D:7      | You fall through a shaft for 3 floors!
  4047 | D:10     | Entered Level 10 of the Dungeon
  4047 | D:10     | Noticed Wapistan's ghost (journeyman GrGl)
  4128 | D:10     | Noticed a gargoyle
  4160 | D:10     | You fall through a shaft for 2 floors!
  4160 | D:12     | Found a staircase to the Orcish Mines.
  4457 | D:12     | Noticed a hippogriff
  4482 | D:12     | Noticed a kobold demonologist
  4491 | D:12     | Noticed an acid dragon
  4504 | D:12     | Noticed a neqoxec
  4506 | D:12     | Noticed a cyclops
  4509 | D:12     | Noticed a water moccasin
  4514 | D:12     | Noticed a purple ugly thing
  4533 | D:12     | You fall through a shaft for 2 floors!
  4533 | D:14     | Noticed a gargoyle
  4541 | D:14     | Noticed an unseen horror
  4542 | D:14     | Slain by an unseen horror

Skill      XL: |  1  2  3  4  5  6 |
---------------+-------------------+-----
Dodging        | 1 |  1.3
Invocations    | 3 4 |  4.7
Fighting       | 4 5 |  5.1
Maces & Flails | 3 4 |  4.0
Shields        | 2 |  2.1
Armour         | |  2.5

Action                   |  1- 3 |  4- 6 |  7- 9 || total
-------------------------+-------+-------+-------++-------
Melee: Mace              |   110 |   171 |     9 ||   290
Invok: Depart the Abyss  |     1 |       |       ||     1
       Bend Space        |       |       |     1 ||     1
 Abil: Dig               |     2 |     1 |     1 ||     4
       Shaft Self        |       |     2 |     2 ||     4
  Eat: Chunk             |     3 |     6 |       ||     9
       Ration            |       |     1 |     1 ||     2
Armor: Leather armour    |    35 |     3 |       ||    38
       Ring mail         |       |    77 |    28 ||   105
Dodge: Dodged            |    88 |   110 |    49 ||   247
